 Dungeon Crawl Stone Soup version 0.28.0-45-g0d030f2227 (webtiles) character file.

Game seed: 16499800782698410642

1666 CryoSword the Shield-Bearer (level 8, -6/63 HPs)
             Began as a Black Draconian Enchanter on Apr 2, 2022.
             Was a Follower of Dithmenos.
             Mangled by Maggie
             ... wielding a +0 broad axe
              (10 damage)
             ... on level 7 of the Dungeon.
             The game lasted 00:15:37 (8686 turns).

CryoSword the Shield-Bearer (DrEn)                  Turns: 8686, Time: 00:15:37

Health: -6/63      AC: 11    Str: 10    XL:     8   Next: 69%
Magic:  2/12       EV: 11    Int: 16    God:    Dithmenos [*.....]
Gold:   330        SH: 10    Dex: 14    Spells: 1/12 levels left

rFire   + . .      SeeInvis .   w - +6 dagger (flame)
rCold   + . .      Faith    .   p - +0 kite shield
rNeg    . . .      Spirit   .   (armour unavailable)
rPois   +          Reflect  .   (helmet restricted)
rElec   +          Harm     .   m - +0 cloak
rCorr   +          Rampage  .   (no gloves)
Will    +....                   (no boots)
Stlth   +++.......              (no amulet)
HPRegen 0.20/turn               n - ring of willpower
MPRegen 0.13/turn               r - +4 ring of protection

@: resistant, mesmerised, wreathed by umbra
A: breathe lightning, AC +6, unfitting armour, electricity resistance,
cold-blooded
a: Breathe Lightning, Renounce Religion


You were on level 7 of the Dungeon.
You worshipped Dithmenos.
Dithmenos was aware of your devotion.
You visited 2 branches of the dungeon, and saw 8 of its levels.

You collected 330 gold pieces.

Inventory:

Hand Weapons
 w - a +6 dagger of flaming (weapon)
   (You took it off an orc wizard on level 4 of the Dungeon)
Missiles
 l - 6 poisoned darts (quivered)
Armour
 m - a +0 cloak (worn)
   (You took it off Crazy Yiuf on level 2 of the Dungeon)
 p - a +0 kite shield (worn)
   (You took it off a gnoll sergeant on level 2 of the Dungeon)
Jewellery
 n - a ring of willpower (left hand)
   (You found it on level 3 of the Dungeon)
 r - a +4 ring of protection (right hand)
   (You found it on level 6 of the Dungeon)
 t - a ring of see invisible
   (You found it on level 5 of the Dungeon)
 y - a ring of protection from fire
   (You found it on level 5 of the Dungeon)
Wands
 o - a wand of acid (10)
   (You found it on level 3 of the Dungeon)
 v - a wand of flame (22)
   (You took it off Ijyb on level 5 of the Dungeon)
Scrolls
 d - a scroll of enchant armour {unknown}
 h - 2 scrolls of teleportation {unknown}
 i - 2 scrolls of fog {unknown}
 j - a scroll of torment {unknown}
 k - 2 scrolls of blinking
 q - a scroll of amnesia {unknown}
 u - a scroll of noise {unknown}
 x - a scroll of fear {unknown}
Potions
 b - 3 potions of resistance
 c - a potion of lignification {unknown}
 g - 8 potions of curing {@q1}
 s - 2 potions of heal wounds {unknown}


   Skills:
 + Level 3.5 Fighting
 * Level 4.0 Short Blades
 - Level 2.0 Dodging
 * Level 4.6 Stealth
 * Level 7.0 Shields
 + Level 2.6 Spellcasting
 * Level 5.1 Hexes


You had one spell level left.
You knew the following spells:

 Your Spells              Type           Power      Damage    Failure   Level
a - Ensorcelled Hibernat  Hex/Ice        20%        N/A       26%         2
b - Confusing Touch       Hex            18%        N/A       19%         3
c - Tukima's Dance        Hex            18%        N/A       19%         3
d - Dazzling Flash        Conj/Hex       20%        N/A       47%         3

Your spell library contained the following spells:

 Spells                   Type           Power      Damage    Failure   Level
 Magic Dart               Conj           8%         1d3       45%         1
 Sandblast                Erth           4%         2d4       45%         1
 Summon Small Mammal      Summ           8%         N/A       45%         1
 Summon Guardian Golem    Hex/Summ       10%        N/A       47%         3
 Passwall                 Tmut/Erth      1%         N/A       58%         2
 Searing Ray              Conj           4%         2d4       58%         2
 Call Canine Familiar     Summ           2%         N/A       83%         3
 Stone Arrow              Conj/Erth      4%         3d7       83%         3
 Fulminant Prism          Conj/Hex       5%         3d7       87%         4
 Blade Hands              Tmut           1%         N/A       100%        5
 Iron Shot                Conj/Erth      1%         9d1       100%        6
 Animate Armour           Summ/Erth      Unusable   N/A       N/A         4

Dungeon Overview and Level Annotations

Branches:
Dungeon (7/15)             Temple (1/1) D:4

Altars:
Ashenzari
Cheibriados
Dithmenos
Elyvilon
Fedhas
Gozag
Hepliaklqana
Kikubaaqudgha
Makhleb
Nemelex Xobeh
Okawaru
Qazlal
Ru
Sif Muna
Trog
Uskayaw
Vehumet
Wu Jian
Xom
Yredelemnul
Zin
The Shining One

Annotations:
D:7 Maggie


Innate Abilities, Weirdness & Mutations

You can breathe wild blasts of lightning.
Your glossy black scales are hard. (AC +6)
You cannot fit into any form of body armour.
You are resistant to electric shocks. (rElec)
You are cold-blooded and may be slowed by cold attacks.


Message History

You hit the wyvern zombie. You burn the wyvern zombie.
Your tail-slap misses the wyvern zombie.
You hit the wyvern zombie. You burn the wyvern zombie.
You tail-slap the wyvern zombie, but do no damage.
The wyvern zombie bites you!
You hit the wyvern zombie. You burn the wyvern zombie.
You destroy the wyvern zombie!
Dithmenos accepts your kill.
Your life force feels restored.
Your Shields skill increases to level 7!
You pick up a book of Conjurations and begin reading...
You add the spells Magic Dart, Searing Ray and Fulminant Prism to your library.
This spell is dangerous to cast!
Memorise Dazzling Flash, consuming 3 spell levels and leaving 1?
You start memorising the spell.
You continue memorising. x3
You finish memorising.
Spell assigned to 'd'.
An ogre comes into view. It is wielding a +0 giant club.
An ogre is nearby!
An ogre is nearby!
f - 4 scrolls labelled HENOEGR OTOTAMESH (gained 1)
Found 10 gold pieces.
You now have 276 gold pieces (gained 12).
You now have 293 gold pieces (gained 17).
Found a fuming purple potion.
z - 2 sedimented grey potions You now have 303 gold pieces (gained 10).
As you read the scroll labelled ICSEAK FAUSAI, it crumbles to dust.
It is a scroll of identify.
f - 4 scrolls of enchant weapon
As you read the scroll of identify {@r1}, it crumbles to dust.
g - 7 potions of curing
As you read the scroll of identify {@r1}, it crumbles to dust.
b - 4 potions of resistance
As you read the scroll of identify {@r1}, it crumbles to dust.
z - 2 potions of degeneration
As you read the scroll of identify {@r1}, it crumbles to dust.
k - 2 scrolls of blinking You drop 2 potions of degeneration {!q}.
As you read the scroll of enchant weapon, it crumbles to dust.
Your +2 dagger of flaming glows red for a moment.
As you read the scroll of enchant weapon, it crumbles to dust.
Your +3 dagger of flaming glows red for a moment.
As you read the scroll of enchant weapon, it crumbles to dust.
Your +4 dagger of flaming glows red for a moment.
As you read the scroll of enchant weapon, it crumbles to dust.
Your +5 dagger of flaming glows red for a moment.
You drop a +1 dagger of venom.
Adjust to which letter? (? for menu, Esc to quit)
w - a +6 dagger of flaming (weapon)
Found a stone staircase leading up.
Found a stone staircase leading down.
Found a hand axe.
You see here a +0 hand axe.
g - 8 potions of curing {@q1} (gained 1)
You now have 315 gold pieces (gained 12).
An ogre is nearby!
An ogre is nearby!
An ogre is nearby!
The ogre shouts!
The ogre hits you with a +0 giant club!
You hit the ogre. You burn the ogre. You block the ogre's attack.
You barely miss the ogre. The ogre misses you.
Aim: an ogre, wielding a +0 giant club (moderately wounded, umbra, chance to affect: 44%)
You miscast Ensorcelled Hibernation.
You are very lightly contaminated with residual magic.
Nothing appears to happen.
Aim: an ogre, wielding a +0 giant club (moderately wounded, umbra, chance to affect: 50%)
You miscast Tukima's Dance.
Nothing appears to happen.
The ogre completely misses you.
Aim: an ogre, wielding a +0 giant club (moderately wounded, umbra, chance to affect: 50%)
You miscast Tukima's Dance.
Nothing appears to happen.
The ogre closely misses you.
Found 15 gold pieces.
Aim: an ogre, wielding a +0 giant club (moderately wounded, chance to affect: 50%)
The +0 giant club dances into the air!
You barely miss the ogre. You tail-slap the ogre. The ogre hits you.
You barely miss the ogre.
Your +0 giant club completely misses the ogre.
The ogre closely misses you.
You barely miss the ogre.
Your +0 giant club hits the ogre!
You barely miss the ogre. You tail-slap the ogre. The ogre closely misses you.
You hit the ogre. You burn the ogre.
You kill the ogre!
Dithmenos accepts your kill.
Your Short Blades skill increases to level 4!
You swap places.
You see here an ogre corpse.
Your magical contamination has completely faded away.
You now have 330 gold pieces (gained 15).
Maggie the Vainglorious comes into view.
She is wielding a +0 broad axe.
Maggie is nearby!
Maggie is nearby!
A centaur skeleton comes into view.
The helpless Maggie fails to defend herself.
You impale Maggie!! You burn Maggie! You block Maggie's attack.
You hit Maggie but do no damage. You block Maggie's attack.
You barely miss Maggie.
Maggie gestures wildly while chanting.
Maggie attempts to bespell you! You resist with almost no effort.
Aim: Maggie, wielding a +0 broad axe and wearing +0 acid dragon scales (heavily wounded, umbra, chance to affect: 50%) Maggie resists with significant effort.
Maggie gestures at you while chanting. The bolt of fire hits you!!
Aim: Maggie, wielding a +0 broad axe and wearing +0 acid dragon scales (heavily wounded, umbra, chance to affect: 50%) Maggie resists with significant effort.
Maggie misses you.
Aim: Maggie, wielding a +0 broad axe and wearing +0 acid dragon scales (heavily wounded, umbra, chance to affect: 50%) Maggie resists with significant effort.
You block Maggie's attack. The centaur skeleton barely misses you.
The centaur skeleton kicks you but does no damage.
Aim: Maggie, wielding a +0 broad axe and wearing +0 acid dragon scales (heavily wounded, umbra, chance to affect: 50%)
You miscast Tukima's Dance.
You are very lightly contaminated with residual magic.
Nothing appears to happen.
You block the centaur skeleton's attack.
The centaur skeleton barely misses you. You block Maggie's attack.
Maggie mumbles some strange words.
Maggie attempts to bespell you! You resist with almost no effort.
Maggie gestures at you while chanting. The bolt of fire hits you!!
* * * LOW HITPOINT WARNING * * *
Maggie gestures wildly while chanting.
Maggie attempts to bespell you!
You are mesmerised by Maggie!
You feel protected.
You puncture the centaur skeleton! You burn the centaur skeleton.
The centaur skeleton hits you but does no damage.
You block the centaur skeleton's attack. x2
The centaur skeleton kicks you but does no damage.
Your magical contamination has completely faded away.
You hit the centaur skeleton. You burn the centaur skeleton.
You block the centaur skeleton's attack.
The centaur skeleton kicks you but does no damage.
The centaur skeleton hits you but does no damage.
You block the centaur skeleton's attack.
You block Maggie's attack.
You hit Maggie. You burn Maggie.
The centaur skeleton closely misses you. x2
Maggie casts a spell.
Maggie draws you further into her thrall.
You hit Maggie but do no damage.
You block the centaur skeleton's attack. x2
Maggie hits you with a +0 broad axe.
* * * LOW HITPOINT WARNING * * *
The centaur skeleton hits you but does no damage.
The centaur skeleton barely misses you.
You hit Maggie. You burn Maggie.
Your tail-slap misses Maggie.
The centaur skeleton closely misses you.
The centaur skeleton kicks you but does no damage.
Maggie hits you with a +0 broad axe!
You die...

### .. ####.# ##.##### .....#
#..#... .. ###..#####.##.#
.###..## ##..........#
#.#....# ##.#####..##
##......# #..## ##..#
##........ ##...##
#..####........ ###.....##
#....@......#
##.......###....Z@.....#####.
...#.........####............
..####.......# #####........
..#####......# #.......#
....####...... ..#######
.†)........##. .##
#####.....## .. # ...## ##


You could see Maggie (mesmerising) and a centaur skeleton.

Vanquished Creatures
  2 water moccasins (D:6)
  2 ogres
  A gnoll sergeant (D:2)
  4 scorpions
  A wyvern zombie (D:7)
  2 water moccasin zombies
  4 wights
  A centaur zombie (D:6)
  A bullfrog zombie (D:6)
  A jelly (D:5)
  3 hounds (D:5)
  Crazy Yiuf (D:2)
  A centaur skeleton (D:6)
  Ijyb (D:5)
  3 iguanas
  An orc wizard (D:4)
  3 hound skeletons
  A howler monkey zombie (D:6)
  2 howler monkey skeletons
  4 adders
  9 gnolls
  A white imp (D:5)
  3 worms
  3 dart slugs
  11 orcs
  10 ball pythons
  7 endoplasms
  3 giant cockroaches (D:1)
  12 hobgoblins
  2 jackals (D:4)
  10 kobolds
  7 quokkas
  5 bats
  2 frilled lizards
  9 goblins
  6 rats
139 creatures vanquished.

Vanquished Creatures (others)
  2 dancing weapons
2 creatures vanquished.

Grand Total: 141 creatures vanquished

Notes
Turn   | Place    | Note
-------+----------+-------------------------------------------
     0 | D:1      | CryoSword the Draconian Enchanter began the quest for the
                  | Orb.
     0 | D:1      | Reached XP level 1. HP: 14/14 MP: 3/3
   318 | D:1      | Reached XP level 2. HP: 10/22 MP: 5/5
   746 | D:1      | Reached skill level 1 in Fighting
   749 | D:1      | Reached XP level 3. HP: 19/28 MP: 6/6
   881 | D:1      | Learned a level 2 spell: Ensorcelled Hibernation
   885 | D:1      | Learned a level 3 spell: Confusing Touch
  2139 | D:2      | Reached XP level 4. HP: 23/35 MP: 0/7
  2499 | D:2      | Identified the +6 trident "Bialloqe" {pain, rF+}
  2699 | D:2      | Found a runed translucent door.
  2700 | D:2      | Noticed Crazy Yiuf
  2995 | D:2      | Killed Crazy Yiuf
  3326 | D:3      | Reached XP level 5. HP: 28/41 MP: 5/8
  3519 | D:3      | Learned a level 3 spell: Tukima's Dance
  4489 | D:4      | You fall into a shaft and drop 2 floors!
  4506 | D:6      | Found a burning altar of Makhleb.
  4509 | D:6      | Found an ancient bone altar of Kikubaaqudgha.
  4509 | D:6      | Found a shimmering blue altar of Sif Muna.
  4518 | D:6      | Found a sacrificial altar of Ru.
  4548 | D:6      | Reached XP level 6. HP: 42/50 MP: 4/9
  4774 | D:5      | Entered Level 5 of the Dungeon
  5008 | D:4      | Reached skill level 1 in Shields
  5103 | D:4      | Found a staircase to the Ecumenical Temple.
  5113 | Temple   | Entered the Ecumenical Temple
  5299 | Temple   | Became a worshipper of Dithmenos the Shadowed
  5414 | D:4      | Reached skill level 2 in Shields
  5502 | D:4      | Reached skill level 3 in Shields
  5502 | D:4      | Your scales start taking on a glossy black colour.
  5502 | D:4      | Reached XP level 7. HP: 56/56 MP: 10/10
  5502 | D:4      | Gained mutation: You are resistant to electric shocks.
                  | (rElec) [Black Draconian growth]
  6002 | D:5      | Reached skill level 4 in Shields
  6538 | D:5      | Noticed Ijyb
  6546 | D:5      | Killed Ijyb
  6546 | D:5      | Reached * piety under Dithmenos
  6645 | D:5      | Reached skill level 5 in Shields
  7025 | D:6      | Reached skill level 6 in Shields
  7025 | D:6      | Reached XP level 8. HP: 30/62 MP: 4/11
  8061 | D:7      | Reached skill level 5 in Hexes
  8241 | D:7      | Reached skill level 7 in Shields
  8248 | D:7      | Learned a level 3 spell: Dazzling Flash
  8660 | D:7      | Noticed Maggie
  8686 | D:7      | Mangled by Maggie

Illustrated notes

Levels and vault maps discovered:
D:1:      lemuel_arrival_broad_hall, layout_basic, minmay_ruptured
D:2:      layout_loops_corners, uniq_crazy_yiuf_cottage
D:3:      layout_loops_ring
D:4:      layout_basic, minmay_temple_entry_drinking_statues
D:5:      layout_cave_pools, minmay_crystal_water, kennysheep_generic_room_6,
          uniq_ijyb
D:6:      layout_basic, nicolae_overflow_quartered_altars
D:7:      layout_layer_cave, uniq_maggie
Temple:   compressed_dpeg_circular_temple

Skill      XL: |  1  2  3  4  5  6  7  8 |
---------------+-------------------------+-----
Hexes          | 3 4 5 |  5.1
Dodging        | 2 |  2.0
Fighting       | 1 2 3 |  3.5
Stealth        | 3 4 |  4.6
Short Blades   | 2 3 4 |  4.0
Shields        | 3 6 7 |  7.0
Spellcasting   | |  2.6

Action                   |  1- 3 |  4- 6 |  7- 9 || total
-------------------------+-------+-------+-------++-------
Melee: Dagger            |   152 |   234 |   244 ||   630
       Tailslap          |    11 |    33 |    46 ||    90
       Punch             |     1 |     1 |       ||     2
 Cast: Ensorcelled Hiber |    13 |    19 |     5 ||    37
       Tukima's Dance    |       |     9 |    11 ||    20
       Confusing Touch   |       |     2 |     8 ||    10
 Abil: Breathe Lightning |       |       |     1 ||     1
  Use: Potion            |       |       |     2 ||     2
       Scroll            |       |       |     9 ||     9
 Stab: Sleeping          |    16 |    22 |     9 ||    47
       Confused          |       |     2 |     7 ||     9
Armor: Skin              |    45 |    92 |    81 ||   218
Dodge: Dodged            |    98 |   116 |    94 ||   308
Block: Kite shield       |       |    23 |   109 ||   132
